 Dungeon Crawl Stone Soup version 0.29.1-1-gd02db6906a (webtiles) character file.

Game seed: 14401360466070009069

5 Kirpich the Charlatan (level 1, 14/16 HPs)
             Began as a Draconian Artificer on Oct 4, 2022.
             Quit the game on level 1 of the Dungeon.
             The game lasted 00:06:09 (161 turns).

Kirpich the Charlatan (Draconian Artificer)          Turns: 161, Time: 00:06:10

Health: 14/16      AC:  4    Str: 14    XL:     1   Next: 66%
Magic:  1/1        EV: 16    Int: 11    God:
Gold:   20         SH:  0    Dex: 11    Spells: 0/0 levels left

rFire   . . .      SeeInvis .   a - +0 club
rCold   . . .      Faith    .   (no shield)
rNeg    . . .      Spirit   .   (body armour unavailable)
rPois   .          Reflect  .   (helmet restricted)
rElec   .          Harm     .   (no cloak)
rCorr   .          Rampage  .   (no gloves)
Will    .....                   (no boots)
Stlth   +.........              (no amulet)
HPRegen 0.05/turn               g - +4 ring of evasion
MPRegen 0.07/turn               (no ring)

@: no status effects
A: AC +4, unfitting armour, cold-blooded
a: no special abilities


You were on level 1 of the Dungeon.
You visited 1 branch of the dungeon, and saw 1 of its levels.

You collected 20 gold pieces.

Inventory:

Hand Weapons
 a - a +0 club (weapon)
Armour
 h - a +0 ring mail
Jewellery
 g - a +4 ring of evasion (left hand)
Wands
 b - a wand of flame (14) (quivered)
 c - a wand of charming (15)
 d - a wand of iceblast (5)
Scrolls
 f - a scroll of poison {unknown}
Potions
 e - a potion of heal wounds {unknown}
 i - a potion of curing {unknown}
 j - a potion of ambrosia {unknown}
 k - a potion of might {unknown}


   Skills:
 + Level 1.1 Fighting
 + Level 2.2 Dodging
 + Level 0.8 Stealth
 + Level 3.3 Evocations


You couldn't memorise any spells.
You didn't know any spells.
Your spell library contained the following spells:

 Spells                   Type           Power      Damage    Failure   Level
 Foxfire                  Conj/Fire      0%         2x1d4     34%         1
 Conjure Flame            Conj/Fire      0%         6-21      71%         3
 Inner Flame              Hex/Fire       0%         N/A       71%         3
 Flame Wave               Conj/Fire      0%         2d4       98%         4


Dungeon Overview and Level Annotations

Branches:
Dungeon (1/15)

Altars:


Innate Abilities, Weirdness & Mutations

Your plain brown scales are hard. (AC +4)
You cannot fit into any form of body armour.
You are cold-blooded and may be slowed by cold attacks.


Message History

There is an open door here.
You see here a dart slug corpse.
Unknown command.
There's nothing to close nearby.
Unknown command.
As you open the door, it creaks loudly!
You hear an angry hiss. x2
A frilled lizard comes into view.
Found 6 gold pieces and a smoky silvery potion.
The frilled lizard hisses angrily.
The frilled lizard bites you.
There is an open door here.
You miss the frilled lizard. The frilled lizard misses you.
You hit the frilled lizard.
You tail-slap the frilled lizard, but do no damage.
The frilled lizard is heavily wounded.
The frilled lizard barely misses you.
You closely miss the frilled lizard. You tail-slap the frilled lizard.
You kill the frilled lizard!
Unknown command.
You now have 6 gold pieces.
j - a smoky silvery potion You see here a +0 club.
A rat comes into view.
A rat is nearby!
A rat is nearby!
Found 10 gold pieces and a lumpy black potion.
Found 4 gold pieces.
A rat is nearby!
You see here 10 gold pieces.
You now have 16 gold pieces (gained 10).
You see here a lumpy black potion.
k - a lumpy black potion You barely miss the rat.
The rat barely misses you. The rat bites you.
You hit the rat.
You kill the rat!
You see here a rat corpse.
Unknown command.
You now have 20 gold pieces (gained 4).
A rat comes into view.
Are you sure you want to abandon this character and quit the game? (Confirm with "yes".)

#.###.# .. ##.# #r.
#..# #.# #..##r####
#.# #.......### #.#
........##...###.#
..########...#...##
##.........##
#........@..#
#.....†.....#
#...........#
##.........##
##...#...##
#########


You could see a rat (asleep).

Vanquished Creatures
  A dart slug (D:1)
  An endoplasm (D:1)
  A frilled lizard (D:1)
  A rat (D:1)
4 creatures vanquished.

Notes
Turn   | Place    | Note
-------+----------+-------------------------------------------
     0 | D:1      | Kirpich the Draconian Artificer began the quest for the
                  | Orb.
     0 | D:1      | Reached XP level 1. HP: 16/16 MP: 1/1
   161 | D:1      | Quit the game

Illustrated notes

Levels and vault maps discovered:
D:1:      wander_arrival_fairy_ring, layout_rooms, minivault_11

Action                   || total
-------------------------++-------
Melee: Club              ||    10
       Tailslap          ||     2
Evoke: Wand              ||     1
Armor: Skin              ||     1
Dodge: Dodged            ||     4
